 Dungeon Sprint DCSS version 0.19.4-10-g532645f (webtiles) character file.

3497 equalderp2856 the Ripper (level 9, -3/44 HPs)
             Began as a Felid Fighter on Feb 23, 2017.
             Was an Initiate of Gozag.
             Killed from afar by an ice dragon (47 damage)
             ... with a blast of cold
             ... in the Dungeon (Sprint VII: "The Pits").
             The game lasted 00:09:02 (2710 turns).

equalderp2856 the Ripper (Felid Fighter)            Turns: 2710, Time: 00:09:03

Health: -3/44      AC:  2    Str: 14    XL:     9   Next: 80%
Magic:  10/10      EV: 30    Int: 10    God:    Gozag
Gold:   1401       SH:  0    Dex: 16    Spells: 0 memorised, 8 levels left
                                        Lives:  0   Deaths: 2

rFire  . . .     SeeInvis +       - Unarmed
rCold  . . .     Gourm    .     (armour unavailable)
rNeg   . . .     Faith    .     (shield unavailable)
rPois  .         Spirit   .     (helmet unavailable)
rElec  .         Reflect  .     (cloak unavailable)
rCorr  .         Harm     .     (gloves unavailable)
MR     +....     NoTele   +     (boots unavailable)
Stlth  ++++++....               (no amulet)
                                (no ring)
                                (no ring)

@: gold aura, bribing [the Dungeon], quick
A: no armour, no weapons or thrown items, stealth, claws 1, fangs 3, see
invisible, carnivore 3, speed 1, shaggy fur 2, slow metabolism 1, sharp paws
a: Potion Petition, Call Merchant, Bribe Branch, Renounce Religion


You were in the Dungeon.
You worshipped Gozag.
Gozag was most pleased with you.
You were not hungry.

You visited 1 branch You collected 4401 gold pieces.
You paid 3000 gold pieces to Gozag.

Inventory:

Jewellery
 m - a +3 ring of evasion
 n - a +3 ring of protection
Scrolls
 h - a scroll of blinking
 j - 3 scrolls of remove curse
 k - 5 scrolls of amnesia
 l - a scroll of summoning
Potions
 a - a potion of might
 c - 7 potions of curing
 d - 9 potions of heal wounds
 f - 4 potions of magic
 g - 2 potions of berserk rage
 i - 2 potions of invisibility
 o - a potion of brilliance
 p - a potion of cancellation {unknown}
Comestibles
 b - 8 meat rations


   Skills:
 + Level 8.1 Fighting
 + Level 14.6 Dodging
 + Level 12.8 Stealth
 + Level 18.3 Unarmed Combat


You had 8 spell levels left.
You didn't know any spells.

Dungeon Overview and Level Annotations

Branches:
Dungeon (1/1)

Altars:
Ashenzari
Cheibriados
Dithmenos
Elyvilon
Fedhas
Gozag
Hepliaklqana
Kikubaaqudgha
Makhleb
Nemelex Xobeh
Okawaru
Qazlal
Ru
Sif Muna
Trog
Uskayaw
Vehumet
Xom
Yredelemnul
Zin
The Shining One
Beogh
Jiyva
Lugonu


Innate Abilities, Weirdness & Mutations

You cannot wear armour.
You are incapable of wielding weapons or throwing items.
Your paws allow you to move quietly. (Stealth)
You have sharp claws.
You have razor-sharp teeth.
You have supernaturally acute eyesight. (SInv)
You are carnivorous and can eat meat at any time.
You cover ground quickly.
You are covered in thick fur. (AC +2)
You have a slow metabolism.
Your sharp claws are effective at attacking unaware monsters.


Message History

The hell knight stares, then turns away, jangling a coin purse.
The necromancer stares, then turns away, jangling a coin purse.
The hell knight stares, then turns away, jangling a coin purse.
The necromancer stares, then turns away, jangling a coin purse.
The necromancer hits something with a dagger.
Something barely misses the necromancer.
A deep elf demonologist, a nagaraja, 3 humans and a yellow draconian come into view.
The deep elf demonologist shouts!
The deep elf demonologist stares, then turns away, jangling a coin purse.
The hell knight stares, then turns away, jangling a coin purse.
The necromancer stares, then turns away, jangling a coin purse. x2
The yellow draconian roars!
Your yellow draconian grins greedily, jangling a coin purse.
The nagaraja stares, then turns away, jangling a coin purse.
There is a huge open gate to the Coven (Very Hard) here.
The ice dragon breathes frost at you. The blast of cold hits you!
Ouch! That really hurt!
You die...
Your body crumbles into a pile of gold.

#..#
#..#
#..#
#..#
#..#
#..#
#..#
#..#
#.@#
#''#
#''#
....#
#....D#
##p.p.#
.pp..#


edpp.p# ...#.N.# You could see an ice dragon, 3 neutral hell knights, a neutral
deep elf demonologist (wandering), 4 neutral necromancers and a friendly yellow
draconian.

Vanquished Creatures
  An elephant (D)
  A molten gargoyle (D)
  A black mamba (D)
  An orange demon (D)
  A rime drake (D)
  A guardian mummy (D)
  A wandering mushroom (D)
  A red devil (D)
  A tyrant leech (D)
  2 hornets (D)
  A flying skull (D)
  3 yaks (D)
  Sigmund (D)
  A tarantella (D)
  A wyvern (D)
  2 basilisks (D)
  2 steam dragons (D)
  A fire bat (D)
  A hungry ghost (D)
  3 vampire mosquitoes (D)
  2 swamp drakes (D)
  A sky beast (D)
  A phantom (D)
  A black bear (D)
  A small abomination (D)
  An eye of draining (D)
  A centaur (D)
  A jelly (D)
  A scorpion (D)
  A quasit (D)
  An orc priest (D)
  Jessica (D)
  A worker ant (D)
  A mummy (D)
  A river rat (D)
  3 adders (D)
  An ooze (D)
  An adder skeleton (D)
  3 orcs (D)
  A bat skeleton (D)
  A giant cockroach (D)
  A goblin (D)
  A quokka (D)
  A bat (D)
  A frilled lizard (D)
  A kobold (D)
58 creatures vanquished.

Vanquished Creatures (others)
  A two-headed ogre (D)
  A bat simulacrum (D)
2 creatures vanquished.

Grand Total: 60 creatures vanquished

Notes
Turn   | Place    | Note
-------+----------+-------------------------------------------
     0 | D        | equalderp2856 the Felid Fighter began the quest for the Orb.
     0 | D        | Reached XP level 1. HP: 10/10 MP: 2/2
    11 | D        | Noticed a worker ant
    18 | D        | Killed a worker ant
    18 | D        | Reached skill level 5 in Dodging
    18 | D        | Reached skill level 6 in Unarmed Combat
    18 | D        | Reached XP level 2. HP: 12/15 MP: 3/3
    80 | D        | Reached XP level 3. HP: 18/18 MP: 4/4
    89 | D        | Found a radiant altar of Vehumet.
    89 | D        | Found a hide-covered altar of Uskayaw.
    89 | D        | Found an ancient bone altar of Kikubaaqudgha.
    89 | D        | Found a viscous altar of Jiyva.
    89 | D        | Found a hazy altar of Hepliaklqana.
    90 | D        | Found a bloodstained altar of Trog.
    90 | D        | Found a deep blue altar of Sif Muna.
    90 | D        | Found a sacrificial altar of Ru.
    90 | D        | Found a stormy altar of Qazlal.
    90 | D        | Found an iron altar of Okawaru.
    90 | D        | Found a sparkling altar of Nemelex Xobeh.
    90 | D        | Found an opulent altar of Gozag.
    90 | D        | Found a blossoming altar of Fedhas.
    90 | D        | Found a white marble altar of Elyvilon.
    90 | D        | Found a shadowy altar of Dithmenos.
    90 | D        | Found a snail-covered altar of Cheibriados.
    91 | D        | Found a glowing golden altar of the Shining One.
    91 | D        | Found a glowing silver altar of Zin.
    93 | D        | Found a roughly hewn altar of Beogh.
    93 | D        | Found a burning altar of Makhleb.
    93 | D        | Found a basalt altar of Yredelemnul.
    94 | D        | Found a shattered altar of Ashenzari.
    94 | D        | Found a corrupted altar of Lugonu.
    94 | D        | Found a shimmering altar of Xom.
    96 | D        | Became a worshipper of Gozag Ym Sagoz the Greedy
   271 | D        | Reached skill level 7 in Unarmed Combat
   371 | D        | Noticed a sky beast
   372 | D        | Noticed a fire bat
   376 | D        | Killed a fire bat
   376 | D        | Reached skill level 5 in Fighting
   376 | D        | Reached skill level 9 in Unarmed Combat
   376 | D        | Reached XP level 4. HP: 23/23 MP: 5/5
   376 | D        | Reached XP level 5. HP: 27/27 MP: 6/6
   395 | D        | Killed a sky beast
   395 | D        | Reached skill level 10 in Unarmed Combat
   395 | D        | Gained mutation: You are covered in thick fur. (AC +2) [Felid growth]
   395 | D        | Reached XP level 6. HP: 31/31 MP: 7/7
   451 | D        | Noticed a rime drake
   453 | D        | Killed a rime drake
   453 | D        | Reached skill level 5 in Stealth
   453 | D        | Reached skill level 12 in Unarmed Combat
   453 | D        | Reached XP level 7. HP: 35/35 MP: 8/8
   456 | D        | Noticed a flying skull
   473 | D        | Killed a flying skull
   473 | D        | Reached skill level 10 in Dodging
   473 | D        | Reached skill level 13 in Unarmed Combat
   698 | D        | Noticed a yak
   698 | D        | Noticed a yak
   698 | D        | Noticed a yak
   700 | D        | Killed a yak
   700 | D        | Reached XP level 8. HP: 40/40 MP: 9/9
   712 | D        | Reached skill level 14 in Unarmed Combat
   950 | D        | Noticed a snapping turtle
   950 | D        | Noticed a red devil
   999 | D        | Mangled by a red devil
  1000 | D        | Reached XP level 7. HP: -6/36 MP: 8/8
  1103 | D        | Killed a red devil
  1335 | D        | Noticed an elephant
  1336 | D        | Noticed Jessica
  1341 | D        | Noticed a tyrant leech
  1350 | D        | Killed Jessica
  1372 | D        | Killed an elephant
  1372 | D        | Reached skill level 15 in Unarmed Combat
  1372 | D        | Reached XP level 8. HP: 29/40 MP: 9/9
  1519 | D        | Noticed a hornet
  1552 | D        | Killed a hornet
  1564 | D        | Killed a tyrant leech
  1595 | D        | Reached skill level 10 in Stealth
  1595 | D        | Reached skill level 16 in Unarmed Combat
  1776 | D        | Reached XP level 9. HP: 44/44 MP: 10/10
  1832 | D        | Noticed an orange demon
  1832 | D        | Noticed a guardian mummy
  1906 | D        | Killed an orange demon
  2173 | D        | Killed a guardian mummy
  2173 | D        | Reached skill level 17 in Unarmed Combat
  2173 | D        | Noticed a reaper
  2174 | D        | HP: 2/44 [reaper/scythe of flaming[a guardian mummy's death curse] (35)]
  2174 | D        | Mangled by a reaper
  2175 | D        | Reached XP level 8. HP: -10/40 MP: 9/9
  2330 | D        | Noticed Sigmund
  2344 | D        | Killed Sigmund
  2378 | D        | Reached XP level 9. HP: 39/44 MP: 10/10
  2391 | D        | Noticed a cyclops
  2613 | D        | Noticed a wandering mushroom
  2613 | D        | Noticed a molten gargoyle
  2617 | D        | Killed a molten gargoyle
  2620 | D        | Killed a wandering mushroom
  2620 | D        | Reached skill level 18 in Unarmed Combat
  2639 | D        | Noticed a shadow wraith
  2673 | D        | Noticed a black mamba
  2685 | D        | Killed a black mamba
  2708 | D        | Noticed an ice dragon
  2708 | D        | Noticed a hell knight
  2708 | D        | Noticed a necromancer
  2708 | D        | Noticed a hell knight
  2708 | D        | Noticed a necromancer
  2709 | D        | Noticed a deep elf demonologist
  2709 | D        | Noticed a hell knight
  2709 | D        | Noticed a necromancer
  2709 | D        | Noticed a necromancer
  2709 | D        | Noticed a yellow draconian
  2709 | D        | Noticed a nagaraja
  2710 | D        | Killed from afar by an ice dragon

Skill      XL: |  1  2  3  4  5  6  7  8  9 |
---------------+----------------------------+-----
Dodging        | 5 7 9 12 11 14 | 14.6
Unarmed Combat | 6 9 10 12 15 16 18 | 18.3
Fighting       | 4 5 6 7 8 |  8.1
Stealth        | 2 3 5 9 10 12 | 12.8

Action                   |  1- 3 |  4- 6 |  7- 9 || total
-------------------------+-------+-------+-------++-------
Melee: Unarmed           |    31 |    20 |   156 ||   207
       Bite              |     7 |     1 |    18 ||    26
       Punch             |     1 |       |     9 ||    10
Invok: Bribe Branch      |       |       |     1 ||     1
  Use: Potion            |       |     1 |     8 ||     9
 Stab: Sleeping          |     2 |     1 |     6 ||     9
       Distracted        |       |       |     5 ||     5
Armor: Skin              |     3 |     3 |     2 ||     8
Dodge: Dodged            |    16 |    26 |   122 ||   164
